TOP OF THE 1ST |
Orlando Calrissian batting - Pitching for New York Knights : RHP José Navarro
|
Pitching: RHP José Navarro
|
|
Batting: LHB Danny Allen
|
0-0: Called Strike 0-1: Foul Ball, location: 2F 0-2: Ball 1-2: Foul Ball, location: 2F 1-2: Ball 2-2: Foul Ball, location: 2F 2-2: Foul Ball, location: 2F 2-2: Ground out U3 (Groundball, 3L)
|
Batting: RHB Frederico Hernández
|
0-0: Ball 1-0: Ball 2-0: Ground out 5-3 (Groundball, 56)
|
Batting: LHB Santiago Márquez
|
0-0: Ball 1-0: Foul Ball, location: 2F 1-1: Foul Ball, location: 2F 1-2: Fly out, F3 (Popup, 3DF)
|
Top of the 1st over - 0 run(s), 0 hit(s), 0 error(s), 0 left on base; Orlando 0 - New York 0 |
BOTTOM OF THE 1ST |
New York Knights batting - Pitching for Orlando Calrissian : RHP Reagan Wear
|
Pitching: RHP Reagan Wear
|
|
Batting: LHB Warren Potter
|
0-0: Ball 1-0: SINGLE (Line Drive, 78S)
|
Batting: RHB Pepe Carrasco
|
0-0: SINGLE (Groundball, 4D) Warren Potter to second Runner from 2nd tries for 3rd, SAFE, throw made to third
|
Batting: LHB Troy Donaldson
|
0-0: Called Strike 0-1: Called Strike 0-2: Strikes out swinging
|
Batting: SHB Marvin Harris
|
0-0: Ball 1-0: Ball 2-0: Called Strike 2-1: SINGLE (Groundball, 34) Warren Potter scores Pepe Carrasco to second Runner from 2nd tries for 3rd, SAFE, throw made to third
|
Batting: LHB Tom Waller
|
0-0: Foul Ball, location: 2F 0-1: Called Strike 0-2: Fly out, F7 (Flyball, 7M) Runner from 3rd tags up, SCORES, throw made
|
Batting: RHB José Aguilera
|
0-0: Ball 1-0: Swinging Strike 1-1: Ball 2-1: SINGLE (Groundball, 4MD) Marvin Harris to second
|
Batting: RHB Sixto Vélez
|
0-0: Ball 1-0: Called Strike 1-1: Called Strike 1-2: Foul Ball, location: 2F 1-2: Strikes out looking
|
Bottom of the 1st over - 2 run(s), 4 hit(s), 0 error(s), 2 left on base; Orlando 0 - New York 2 |
TOP OF THE 2ND |
Orlando Calrissian batting - Pitching for New York Knights : RHP José Navarro
|
Batting: SHB Tim Abbott
|
0-0: Called Strike 0-1: Called Strike 0-2: Strikes out swinging
|
Batting: RHB Ernesto Acosta
|
0-0: Ball 1-0: Called Strike 1-1: Foul Ball, location: 2F 1-2: Strikes out swinging
|
Batting: RHB Kenny Cole
|
0-0: Swinging Strike 0-1: Ball 1-1: Ball 2-1: Ball 3-1: Ground out 5-3 (Groundball, 6S)
|
Top of the 2nd over - 0 run(s), 0 hit(s), 0 error(s), 0 left on base; Orlando 0 - New York 2 |
BOTTOM OF THE 2ND |
New York Knights batting - Pitching for Orlando Calrissian : RHP Reagan Wear
|
Batting: RHB Lonnie Anderson
|
0-0: Ball 1-0: Called Strike 1-1: Foul Ball, location: 2F 1-2: Foul Ball, location: 2F 1-2: Ball 2-2: Strikes out looking
|
Batting: RHB Richie Miller
|
0-0: Foul Ball, location: 2F 0-1: Swinging Strike 0-2: Strikes out swinging
|
Batting: LHB Warren Potter
|
0-0: Called Strike 0-1: Foul Ball, location: 2F 0-2: Foul Ball, location: 2F 0-2: Foul Ball, location: 2F 0-2: Ball 1-2: Ball 2-2: Fly out, F7 (Flyball, 7S)
|
Bottom of the 2nd over - 0 run(s), 0 hit(s), 0 error(s), 0 left on base; Orlando 0 - New York 2 |
TOP OF THE 3RD |
Orlando Calrissian batting - Pitching for New York Knights : RHP José Navarro
|
Batting: RHB Enrique Bermúdez
|
0-0: Called Strike 0-1: Ball 1-1: Foul Ball, location: 2F 1-2: Foul Ball, location: 2F 1-2: Strikes out swinging
|
Batting: RHB Robby Lewis
|
0-0: Foul Ball, location: 2F 0-1: Ball 1-1: Fly out, F9 (Flyball, 89D)
|
Batting: LHB Greg Schultz
|
0-0: Ball 1-0: Ball 2-0: Foul Ball, location: 2F 2-1: Foul Ball, location: 2F 2-2: Ball 3-2: Foul Ball, location: 2F 3-2: Foul Ball, location: 2F 3-2: Fly out, F5 (Popup, 5F)
|
Top of the 3rd over - 0 run(s), 0 hit(s), 0 error(s), 0 left on base; Orlando 0 - New York 2 |
BOTTOM OF THE 3RD |
New York Knights batting - Pitching for Orlando Calrissian : RHP Reagan Wear
|
Batting: RHB Pepe Carrasco
|
0-0: Swinging Strike 0-1: Ball 1-1: Ball 2-1: Foul Ball, location: 2F 2-2: Foul Ball, location: 2F 2-2: Strikes out swinging
|
Batting: LHB Troy Donaldson
|
0-0: Ball 1-0: Ball 2-0: Ground out 4-3 (Groundball, 4)
|
Batting: SHB Marvin Harris
|
0-0: Ball 1-0: Swinging Strike 1-1: Foul Ball, location: 2F 1-2: Strikes out swinging
|
Bottom of the 3rd over - 0 run(s), 0 hit(s), 0 error(s), 0 left on base; Orlando 0 - New York 2 |
TOP OF THE 4TH |
Orlando Calrissian batting - Pitching for New York Knights : RHP José Navarro
|
Batting: LHB Danny Allen
|
0-0: Called Strike 0-1: Ball 1-1: Ball 2-1: Foul Ball, location: 2F 2-2: Foul Ball, location: 2F 2-2: Foul Ball, location: 2F 2-2: Fly out, F7 (Flyball, 78M)
|
Batting: RHB Frederico Hernández
|
0-0: Foul Ball, location: 2F 0-1: Ball 1-1: Foul Ball, location: 2F 1-2: Ball 2-2: Ball 3-2: Foul Ball, location: 2F 3-2: SINGLE (Popup, 8RS)
|
Batting: LHB Santiago Márquez
|
0-0: Called Strike 0-1: Ball 1-1: Ball 2-1: Foul Ball, location: 2F 2-2: Strikes out looking
|
Batting: SHB Tim Abbott
|
0-0: Ball 1-0: Ball 2-0: Ball 3-0: Base on Balls Frederico Hernández to second
|
Batting: RHB Ernesto Acosta
|
0-0: Ground out 2-3 (Groundball, 2L)
|
Top of the 4th over - 0 run(s), 1 hit(s), 0 error(s), 2 left on base; Orlando 0 - New York 2 |
BOTTOM OF THE 4TH |
New York Knights batting - Pitching for Orlando Calrissian : RHP Reagan Wear
|
Batting: LHB Tom Waller
|
0-0: Foul Ball, location: 2F 0-1: Foul Ball, location: 2F 0-2: Strikes out swinging
|
Batting: RHB José Aguilera
|
0-0: Called Strike 0-1: Ball 1-1: Ball 2-1: Called Strike 2-2: Strikes out looking
|
Batting: RHB Sixto Vélez
|
0-0: SINGLE (Groundball, 56D)
|
Batting: RHB Lonnie Anderson
|
0-0: Ball 1-0: Called Strike 1-1: Ball 2-1: Foul Ball, location: 2F 2-2: Ball 3-2: Ground out 1-3 (Groundball, 15S)
|
Bottom of the 4th over - 0 run(s), 1 hit(s), 0 error(s), 1 left on base; Orlando 0 - New York 2 |
TOP OF THE 5TH |
Orlando Calrissian batting - Pitching for New York Knights : RHP José Navarro
|
Batting: RHB Kenny Cole
|
0-0: Ball 1-0: Ball 2-0: Called Strike 2-1: Foul Ball, location: 2F 2-2: Foul Ball, location: 2F 2-2: Ball 3-2: SINGLE (Groundball, 56)
|
Batting: RHB Enrique Bermúdez
|
0-0: Called Strike 0-1: Ball 1-1: Foul Ball, location: 2F 1-2: Strikes out looking
|
Batting: RHB Robby Lewis
|
0-0: Ball 1-0: Ball 2-0: Called Strike 2-1: Fly out, F8 (Flyball, 89D)
|
Batting: LHB Greg Schultz
|
0-0: Ball 1-0: Ground out 3-1 (Groundball, 34)
|
Top of the 5th over - 0 run(s), 1 hit(s), 0 error(s), 1 left on base; Orlando 0 - New York 2 |
BOTTOM OF THE 5TH |
New York Knights batting - Pitching for Orlando Calrissian : RHP Reagan Wear
|
Batting: RHB Richie Miller
|
0-0: Swinging Strike 0-1: Ball 1-1: Foul Ball, location: 2F 1-2: Ball 2-2: Ball 3-2: Strikes out swinging
|
Batting: LHB Warren Potter
|
0-0: Foul Ball, location: 2F 0-1: Foul Ball, location: 2F 0-2: Ball 1-2: SINGLE (Line Drive, 4)
|
Batting: RHB Pepe Carrasco
|
0-0: Ball 1-0: Ball 2-0: Called Strike 2-1: SINGLE (Groundball, 13) (infield hit) Warren Potter to second
|
Batting: LHB Troy Donaldson
|
0-0: Called Strike Warren Potter steals 3rd base Pepe Carrasco to second 0-1: Ball 1-1: Intentional Walk
|
Batting: SHB Marvin Harris
|
0-0: SINGLE (Groundball, 6MD) Warren Potter scores Pepe Carrasco to third Troy Donaldson to second Runner from 3rd tries for Home, SAFE, no throw or cutoff
|
Batting: LHB Tom Waller
|
0-0: SINGLE (Groundball, 34D) Troy Donaldson to third Marvin Harris to second Runner from 3rd tries for Home, SAFE, no throw or cutoff
|
Batting: RHB José Aguilera
|
0-0: Foul Ball, location: 2F 0-1: SINGLE (Line Drive, 34D) Marvin Harris to third Tom Waller to second
|
Batting: RHB Sixto Vélez
|
0-0: Foul Ball, location: 2F 0-1: Called Strike 0-2: Ball 1-2: Strikes out swinging
|
Batting: RHB Lonnie Anderson
|
0-0: Ball 1-0: Ball 2-0: Called Strike 2-1: Ball 3-1: Fly out, F4 (Popup, 4M)
|
Bottom of the 5th over - 3 run(s), 5 hit(s), 0 error(s), 3 left on base; Orlando 0 - New York 5 |
TOP OF THE 6TH |
Orlando Calrissian batting - Pitching for New York Knights : RHP José Navarro
|
Batting: LHB Danny Allen
|
0-0: Ball 1-0: Ball 2-0: Ball 3-0: Called Strike 3-1: Called Strike 3-2: Base on Balls
|
Batting: RHB Frederico Hernández
|
0-0: Ball 1-0: Ball 2-0: Ball 3-0: Called Strike 3-1: SINGLE (Groundball, 56S) Danny Allen to second
|
Pitching: LHP Vic Watts
|
|
Batting: LHB Santiago Márquez
|
0-0: Called Strike 0-1: Swinging Strike 0-2: Strikes out swinging
|
Batting: SHB Tim Abbott
|
0-0: Called Strike 0-1: Ball 1-1: Ball 2-1: Foul Ball, location: 2F 2-2: 3-RUN HOME RUN (Flyball, 7D), Distance : 360 ft
|
Batting: RHB Ernesto Acosta
|
0-0: Called Strike 0-1: Fly out, F9 (Flyball, 89S)
|
Batting: RHB Kenny Cole
|
0-0: Called Strike 0-1: Called Strike 0-2: Ball 1-2: Reached on error, E6 (Groundball, 6)
|
Batting: RHB Enrique Bermúdez
|
0-0: Ball 1-0: Foul Ball, location: 2F 1-1: Ball 2-1: Ball 3-1: Fielders Choice at 2nd, U4 (Groundball, 4M)
|
Top of the 6th over - 3 run(s), 2 hit(s), 1 error(s), 1 left on base; Orlando 3 - New York 5 |
BOTTOM OF THE 6TH |
New York Knights batting - Pitching for Orlando Calrissian : RHP Reagan Wear
|
Batting: RHB Richie Miller
|
0-0: Fly out, F6 (Popup, 6MD)
|
Batting: LHB Warren Potter
|
0-0: Ball 1-0: Ball 2-0: Ball 3-0: Base on Balls
|
Batting: RHB Pepe Carrasco
|
0-0: Called Strike 0-1: Reached on error, E5 (Groundball, 56) Warren Potter to second
|
Batting: LHB Troy Donaldson
|
0-0: Ball 1-0: Foul Ball, location: 2F 1-1: SINGLE (Line Drive, 4MD) Warren Potter to third Pepe Carrasco to second Runner from 3rd tries for Home, SAFE, no throw or cutoff
|
Batting: SHB Marvin Harris
|
0-0: Ball 1-0: Ball 2-0: Called Strike 2-1: Fly out, F8 (Flyball, 8LM)
|
Pitching: LHP Richard Dorris
|
|
Batting: LHB Tom Waller
|
0-0: Swinging Strike 0-1: Ball 1-1: SINGLE (Groundball, 34) Pepe Carrasco to third Troy Donaldson to second Runner from 3rd tries for Home, SAFE, throw made home
|
Pitching: LHP Salvador Rodríguez
|
|
Batting: RHB José Aguilera
|
0-0: Ball 1-0: Fly out, F9 (Flyball, 89D)
|
Bottom of the 6th over - 2 run(s), 2 hit(s), 1 error(s), 2 left on base; Orlando 3 - New York 7 |
TOP OF THE 7TH |
Orlando Calrissian batting - Pitching for New York Knights : LHP Vic Watts
|
Batting: RHB Robby Lewis
|
0-0: Ball 1-0: Called Strike 1-1: Ground out 6-3 (Groundball, 6)
|
Batting: LHB Greg Schultz
|
0-0: Ball 1-0: Swinging Strike 1-1: Foul Ball, location: 2F 1-2: Strikes out swinging
|
Batting: LHB Danny Allen
|
0-0: Ball 1-0: Ball 2-0: Fly out, F9 (Flyball, 9D)
|
Top of the 7th over - 0 run(s), 0 hit(s), 0 error(s), 0 left on base; Orlando 3 - New York 7 |
BOTTOM OF THE 7TH |
New York Knights batting - Pitching for Orlando Calrissian : LHP Salvador Rodríguez
|
Batting: RHB Sixto Vélez
|
0-0: Ball 1-0: Called Strike 1-1: Called Strike 1-2: Ball 2-2: Ball 3-2: Foul Ball, location: 2F 3-2: Foul Ball, location: 2F 3-2: Fly out, F6 (Popup, 6M)
|
Batting: RHB Lonnie Anderson
|
0-0: Swinging Strike 0-1: Ball 1-1: SINGLE (Groundball, 25) (infield hit)
|
Batting: RHB Richie Miller
|
0-0: Ball 1-0: Called Strike 1-1: Grounds into double play, 5-4-3 (Groundball, 5)
|
Bottom of the 7th over - 0 run(s), 1 hit(s), 0 error(s), 0 left on base; Orlando 3 - New York 7 |
TOP OF THE 8TH |
Orlando Calrissian batting - Pitching for New York Knights : LHP Vic Watts
|
Pitching: LHP Leo Huggins
|
|
Batting: RHB Frederico Hernández
|
0-0: Foul Ball, location: 2F 0-1: Ball 1-1: Ball 2-1: Ball 3-1: Fly out, F7 (Flyball, 7M)
|
Batting: LHB Santiago Márquez
|
0-0: Ball 1-0: Called Strike 1-1: Ball 2-1: SINGLE (Groundball, 56D)
|
Batting: SHB Tim Abbott
|
0-0: Foul Ball, location: 2F 0-1: Ball 1-1: Ball 2-1: Foul Ball, location: 2F 2-2: Strikes out swinging
|
Batting: RHB Ernesto Acosta
|
0-0: Ball 1-0: Called Strike 1-1: Foul Ball, location: 2F 1-2: Ball 2-2: Fielders Choice at 2nd, 5-4 (Groundball, 56)
|
Top of the 8th over - 0 run(s), 1 hit(s), 0 error(s), 0 left on base; Orlando 3 - New York 7 |
BOTTOM OF THE 8TH |
New York Knights batting - Pitching for Orlando Calrissian : LHP Salvador Rodríguez
|
Batting: LHB Warren Potter
|
0-0: Called Strike 0-1: Ground out 6-3 (Groundball, 6)
|
Batting: RHB Pepe Carrasco
|
0-0: Ball 1-0: Called Strike 1-1: DOUBLE (Line Drive, 5L)
|
Batting: LHB Troy Donaldson
|
0-0: Intentional Walk
|
Batting: SHB Marvin Harris
|
0-0: Ball 1-0: Ball 2-0: Foul Ball, location: 2F 2-1: DOUBLE (Groundball, 5L) Pepe Carrasco scores Troy Donaldson to third Runner from 3rd tries for Home, SAFE, no throw or cutoff
|
Batting: LHB Tom Waller
|
0-0: Ball 1-0: Swinging Strike 1-1: Foul Ball, location: 2F 1-2: DOUBLE (Line Drive, 89XD) Marvin Harris scores
|
Batting: RHB José Aguilera
|
0-0: Called Strike 0-1: Ball 1-1: Foul Ball, location: 2F 1-2: 2-RUN HOME RUN (Flyball, 78XD), Distance : 409 ft
|
Pitching: LHP José Ramírez
|
|
Batting: RHB Sixto Vélez
|
0-0: Swinging Strike 0-1: Foul Ball, location: 2F 0-2: Ball 1-2: Ball 2-2: Foul Ball, location: 2F 2-2: Strikes out looking
|
Batting: RHB Lonnie Anderson
|
0-0: Ball 1-0: Fly out, F4 (Popup, 3D)
|
Bottom of the 8th over - 5 run(s), 4 hit(s), 0 error(s), 0 left on base; Orlando 3 - New York 12 |
TOP OF THE 9TH |
Orlando Calrissian batting - Pitching for New York Knights : LHP Leo Huggins
|
Batting: RHB Kenny Cole
|
0-0: Ball 1-0: Ball 2-0: Ball 3-0: Foul Ball, location: 2F 3-1: Called Strike 3-2: SINGLE (Groundball, 56D)
|
Batting: RHB Enrique Bermúdez
|
0-0: Ball 1-0: Called Strike 1-1: Fly out, F4 (Popup, 34D)
|
Batting: RHB Robby Lewis
|
0-0: Ball 1-0: Ball 2-0: SINGLE (Groundball, 6MD) Kenny Cole to second
|
Batting: LHB Greg Schultz
|
0-0: Ball 1-0: Called Strike 1-1: Swinging Strike 1-2: Strikes out swinging
|
Batting: LHB Danny Allen
|
0-0: Ball 1-0: Foul Ball, location: 2F 1-1: Swinging Strike 1-2: Ground out U3 (Groundball, 3S)
|
Top of the 9th over - 0 run(s), 2 hit(s), 0 error(s), 2 left on base; Orlando 3 - New York 12 |
|